 Dungeon Crawl Stone Soup version 0.22-b1-26-g9dbaab1 (webtiles) character file.

14981 MTVSty1e the Cleaver (level 12, -26/82 HPs)
             Began as a Gargoyle Fighter on Aug 6, 2018.
             Was a High Priest of Okawaru.
             Engulfed by a bog body's freezing vapour (46 damage)
             ... on level 3 of the Lair of Beasts.
             The game lasted 00:25:05 (11531 turns).

MTVSty1e the Cleaver (Gargoyle Fighter)            Turns: 11531, Time: 00:25:06

Health: -26/82     AC: 31    Str: 27    XL:     12   Next: 22%
Magic:  12/12      EV:  6    Int:  9    God:    Okawaru [*****.]
Gold:   433        SH: 12    Dex:  9    Spells: 11/11 levels left

rFire    + + +     SeeInvis .   g - +10 trident "Ulenanoe" {holy, *Noise *Corrode rPois rF+++}
rCold    x . .     Gourm    .   c - +0 shield
rNeg     + . .     Faith    .   l - +0 plate armour
rPois    ∞         Spirit   .   q - +1 helmet
rElec    +         Reflect  .   D - +0 cloak
rCorr    .         Harm     .   A - +2 pair of gloves {archery}
MR       +....                  F - +0 pair of boots
Stlth    ..........             u - amulet of the acrobat
HPRegen  0.23/turn              p - ring of protection from magic
MPRegen  0.13/turn              b - ring of fire (curse)

@: about to teleport, slowed, very slow
A: talons 1, negative energy resistance 1, robust 1, electricity resistance,
strong 1, unbreathing, petrification resistance, rot immunity, AC +8
a: Heroism, Finesse, Renounce Religion


You were on level 3 of the Lair of Beasts.
You worshipped Okawaru.
Okawaru was extremely pleased with you.
You were not hungry.

You visited 3 branches of the dungeon, and saw 13 of its levels.

You collected 770 gold pieces.
You spent 337 gold pieces at shops.

Inventory:

Hand Weapons
 a - a +1 war axe
 g - the +10 trident "Ulenanoe" (weapon) {holy, *Noise *Corrode rPois rF+++}
   (You bought it in a shop on level 9 of the Dungeon)

   It has been blessed by the Shining One to cause great damage to the undead
   and demons.
   It renders you almost immune to fire.
   It protects you from poison.
   It may make noises in combat.
   It may corrode you when you take damage.
 s - a +0 hand axe of chopping
 K - the +9 staff of Olgreb {rPois}
   (You found it on level 8 of the Dungeon)

   It protects you from poison.
Armour
 c - a +0 shield (worn)
 l - a +0 plate armour (worn)
 q - a +1 helmet (worn)
 A - a +2 pair of gloves of archery (worn)
 D - a +0 cloak (worn)
 F - a +0 pair of boots (worn)
Jewellery
 b - a cursed ring of fire (right hand)
 n - an uncursed ring of magical power
 p - a ring of protection from magic (left hand)
 u - an amulet of the acrobat (around neck)
 y - an uncursed amulet of faith
 B - an uncursed ring of ice
Wands
 w - a wand of paralysis (33)
 L - a wand of disintegration (15)
Scrolls
 e - 4 scrolls of amnesia
 i - 4 scrolls of identify
 j - a scroll of magic mapping
 r - 7 scrolls of remove curse
 v - 6 scrolls of teleportation
 x - 4 scrolls of enchant weapon
 G - 2 scrolls of enchant armour
 I - 2 scrolls of fear
Potions
 d - a potion of magic
 h - a potion of haste
 k - 2 potions of ambrosia
 m - a potion of invisibility
 o - 3 potions of cancellation
 t - 4 potions of curing
 z - 2 potions of brilliance
 E - a potion of agility
 H - 3 potions of flight
 J - a potion of might
Comestibles
 f - 22 rations


   Skills:
 + Level 8.9 Fighting
 - Level 13.2 Axes
 * Level 0.6(8.7) Polearms
 + Level 8.9 Armour
 + Level 8.9 Shields


You had 11 spell levels left.
You didn't know any spells.
Your spell library contained the following spells:

 Spells                   Type           Power        Failure   Level  Hunger
 Summon Small Mammal      Summ           #...         100%        1    ##.....
 Summon Ice Beast         Ice/Summ       #.......     100%        4    #####..
 Call Imp                 Summ           #.......     100%        2    ###....
 Call Canine Familiar     Summ           #.......     100%        3    ####...
 Summon Lightning Spire   Summ/Air       #.......     100%        4    #####..
 Summon Guardian Golem    Hex/Summ       #.......     100%        3    ####...


Dungeon Overview and Level Annotations

Branches:
Dungeon (9/15)             Temple (1/1) D:7            Lair (3/6) D:8
  Swamp: Lair:2-4    Shoals: Lair:2-4     Snake: Lair:2-4    Spider: Lair:2-4
    Orc: D:9-12

Altars:
Ashenzari
Cheibriados
Elyvilon
Gozag
Hepliaklqana
Makhleb
Okawaru
Ru
Uskayaw
Vehumet
Xom
Zin
The Shining One

Shops:
D:9 *

Annotations:
D:5 1 runed door
D:8 1 runed door
Lair:1 3 runed doors, Luinaix's ghost, journeyman MiFi


Innate Abilities, Weirdness & Mutations

You are resistant to torment.
Your stone body is resilient. (AC +8)
You are immune to poison.
You resist negative energy. (rN+)
You are resistant to electric shocks. (rElec)
You can survive without breathing.
You are immune to petrification.
You are immune to rotting.
You have sharp toenails.
You are robust. (+10% HP)
Your muscles are strong. (Str +2)


Message History

The bog body touches you but does no damage.
The four-headed hydra barely misses you.
The four-headed hydra bites you but does no damage. x3
Your unstable footing causes you to fumble your attack.
The swamp worm bites you but does no damage.
The bog body gestures at you while chanting.
The bolt of cold hits you!
You feel a terrible chill!
You block the four-headed hydra's attack.
The four-headed hydra barely misses you.
The four-headed hydra completely misses you.
The four-headed hydra barely misses you.
Your unstable footing causes you to fumble your attack.
You are engulfed in freezing vapours.
The swamp worm bites you!
* * * LOW HITPOINT WARNING * * *
The bog body points at you and mumbles some strange words.
You feel yourself slow down.
Your unstable footing causes you to fumble your attack.
You are engulfed in freezing vapours.
Ouch! That really hurt!
You die...

##..♣ #...♣ ..
##..♣ ♣. ##..♣
.. #...♣♣♣ .
##...♣≈..♣♣
#...♣≈$♣n♣
#...♣≈.nw♣
#...♣ .♣@♣
#...♣♣.D♣♣
#....♣..♣ #
##....♣..♣....
#P.†...⌠⌠.....
#.............
##............
#......##P###
#.....### #


You could see a four-headed hydra, 2 bog bodies and a swamp worm.

Vanquished Creatures
  The ghost of Hataesch the Grappler, a novice TrMo of Dithmenos (Lair:2)
  Pikel (D:5)
  A black mamba (Lair:2)
  4 spiny frogs
  2 kobold demonologists (D:8)
  A komodo dragon (Lair:1)
  2 hippogriffs
  4 blink frogs (Lair:3)
  A wyvern (Lair:3)
  Eustachio (D:5)
  A human (D:8)
  8 yaks
  2 basilisks (D:8)
  4 hogs (D:8)
  A swamp worm (Lair:3)
  5 soldier ants (D:8)
  Duvessa (D:7)
  9 water moccasins
  2 orc warriors
  6 porcupines
  2 sky beasts
  2 phantoms
  A slave (D:5)
  3 ice beasts (D:7)
  4 wolves (Lair:2)
  2 centaurs
  A necrophage (D:6)
  3 ogres
  9 crocodiles
  2 big kobolds
  11 bullfrogs
  Dowan (D:7)
  2 scorpions (D:8)
  22 killer bees
  2 howler monkeys
  A centaur zombie (D:5)
  A bullfrog zombie (D:6)
  8 crimson imps
  4 hounds
  2 jellies
  Crazy Yiuf (D:7)
  5 orc wizards
  A bullfrog skeleton (D:7)
  3 orc priests
  Jessica (D:3)
  17 worker ants
  2 hound zombies
  A worker ant zombie (D:7)
  Robin (D:2)
  3 gnolls (D:6)
  13 adders
  A shadow imp (D:9)
  3 oozes
  2 adder skeletons
  2 adder zombies
  5 worms
  2 dart slugs
  6 leopard geckos
  23 orcs
  4 ball pythons
  7 bats
  7 giant cockroaches
  17 goblins
  7 hobgoblins
  12 jackals
  12 kobolds
  4 quokkas
  6 frilled lizards
  2 jackal skeletons
  A leopard gecko zombie (D:6)
  A quokka skeleton (D:7)
  12 rats
  2 fungi (D:4)
326 creatures vanquished.

Vanquished Creatures (others)
  A bush (Lair:1)
  3 fungi
  6 plants
10 creatures vanquished.

Grand Total: 336 creatures vanquished

Notes
Turn   | Place    | Note
-------+----------+-------------------------------------------
     0 | D:1      | MTVSty1e the Gargoyle Fighter began the quest for the Orb.
     0 | D:1      | Reached XP level 1. HP: 14/14 MP: 1/1
    19 | D:1      | Reached skill level 2 in Axes
   221 | D:1      | Reached XP level 2. HP: 16/19 MP: 2/2
   281 | D:1      | Reached skill level 3 in Axes
   657 | D:1      | Reached XP level 3. HP: 23/23 MP: 3/3
  1416 | D:2      | Noticed Robin
  1439 | D:2      | Killed Robin
  1439 | D:2      | Reached XP level 4. HP: 21/28 MP: 4/4
  1643 | D:2      | Reached skill level 4 in Axes
  1864 | D:2      | Found a glowing golden altar of the Shining One.
  2075 | D:3      | Reached XP level 5. HP: 32/32 MP: 5/5
  2126 | D:3      | Found a radiant altar of Vehumet.
  2127 | D:3      | Found a burning altar of Makhleb.
  2153 | D:3      | Reached skill level 5 in Axes
  2435 | D:3      | Reached XP level 6. HP: 35/37 MP: 6/6
  2621 | D:3      | Noticed Jessica
  2625 | D:3      | Killed Jessica
  2697 | D:3      | Found a white marble altar of Elyvilon.
  2857 | D:3      | Reached skill level 6 in Axes
  2908 | D:3      | Found a shimmering altar of Xom.
  2909 | D:3      | Found a hazy altar of Hepliaklqana.
  2910 | D:3      | Noticed a spectral ugly thing
  3245 | D:4      | Reached XP level 7. HP: 41/41 MP: 7/7
  3705 | D:4      | Reached skill level 7 in Axes
  3753 | D:5      | Entered Level 5 of the Dungeon
  3754 | D:5      | Found a glowing silver altar of Zin.
  3755 | D:5      | Found a runed door.
  3755 | D:5      | Noticed an angel
  3887 | D:5      | Noticed Pikel
  3902 | D:5      | Killed Pikel
  3902 | D:5      | Reached skill level 9 in Axes
  3902 | D:5      | Reached XP level 8. HP: 30/46 MP: 8/8
  4213 | D:5      | Noticed Eustachio
  4244 | D:5      | Killed Eustachio
  4409 | D:5      | Found an opulent altar of Gozag.
  4723 | D:6      | Found an iron altar of Okawaru.
  4725 | D:6      | Found a snail-covered altar of Cheibriados.
  4736 | D:6      | Became a worshipper of Warmaster Okawaru
  4912 | D:6      | Reached XP level 9. HP: 45/52 MP: 9/9
  4924 | D:6      | Reached skill level 10 in Axes
  5182 | D:6      | Found a sacrificial altar of Ru.
  5467 | D:7      | Found a runed door.
  5489 | D:7      | Noticed Crazy Yiuf
  5489 | D:7      | Noticed Duvessa
  5489 | D:7      | Noticed Dowan
  5500 | D:7      | Killed Duvessa
  5500 | D:7      | Reached * piety under Okawaru
  5508 | D:7      | Killed Crazy Yiuf
  5515 | D:7      | Killed Dowan
  5605 | D:7      | Found a staircase to the Ecumenical Temple.
  5972 | D:7      | Reached ** piety under Okawaru
  5979 | D:7      | Reached skill level 5 in Armour
  6184 | D:7      | Reached skill level 5 in Fighting
  6184 | D:7      | Reached skill level 5 in Shields
  6320 | Temple   | Entered the Ecumenical Temple
  6378 | D:8      | Found a staircase to the Lair.
  6495 | D:8      | Reached XP level 10. HP: 47/59 MP: 10/10
  6503 | D:8      | Reached skill level 11 in Axes
  6630 | D:8      | Reached *** piety under Okawaru
  6979 | D:8      | Noticed a hand axe
  6980 | D:8      | Noticed a dagger
  7029 | D:8      | Found a runed gate.
  7029 | D:8      | Found a runed gate.
  7056 | D:8      | Found a runed door.
  7066 | D:8      | Found a runed door.
  7068 | D:8      | Found the +9 staff of Olgreb {rPois}
  7230 | D:8      | Reached **** piety under Okawaru
  7280 | D:8      | Found a hide-covered altar of Uskayaw.
  7322 | D:8      | Noticed a kobold demonologist
  7340 | D:8      | Killed a kobold demonologist
  7411 | D:8      | Noticed a kobold demonologist
  7426 | D:8      | Noticed an orange demon
  7437 | D:8      | Killed a kobold demonologist
  7455 | D:8      | Found a runed gate.
  7941 | D:8      | Reached XP level 11. HP: 67/67 MP: 11/11
  7965 | D:8      | Reached skill level 12 in Axes
  8007 | D:8      | Reached ***** piety under Okawaru
  8522 | D:9      | Found Bomeit's Assorted Antiques.
  8537 | D:9      | Bought a small brass ring for 125 gold pieces
  8537 | D:9      | Bought a smoking trident for 212 gold pieces
  8537 | D:9      | Identified the +10 trident "Ulenanoe" {holy, *Noise *Corrode rPois rF+++} (You bought it in a shop on level 9 of the Dungeon)
  8841 | D:9      | Found a shattered altar of Ashenzari.
  9389 | Lair:1   | Entered Level 1 of the Lair of Beasts
  9424 | Lair:1   | Gained mutation: Your spells are a little easier to cast, but a little less powerful. [potion of mutation]
  9424 | Lair:1   | Gained mutation: You can translocate small distances at will. [potion of mutation]
  9425 | Lair:1   | Lost mutation: Your spells are a little easier to cast, but a little less powerful. [potion of mutation]
  9425 | Lair:1   | Lost mutation: You can translocate small distances at will. [potion of mutation]
  9425 | Lair:1   | Gained mutation: Your muscles are strong. (Str +2) [potion of mutation]
  9425 | Lair:1   | Gained mutation: You are robust. (+10% HP) [potion of mutation]
  9425 | Lair:1   | Gained mutation: You have sharp toenails. [potion of mutation]
  9556 | Lair:1   | Found a runed gate.
  9556 | Lair:1   | Found a runed gate.
  9557 | Lair:1   | Found a runed gate.
  9786 | Lair:1   | Noticed Luinaix's ghost (journeyman MiFi)
  9959 | Lair:1   | Received a gift from Okawaru
 10187 | Lair:2   | Found a runed door.
 10832 | Lair:2   | Noticed Hataesch's ghost (novice TrMo)
 10946 | Lair:2   | Killed Hataesch's ghost
 10946 | Lair:2   | Reached skill level 13 in Axes
 10946 | Lair:2   | Reached XP level 12. HP: 36/82 MP: 9/12
 11229 | Lair:3   | Received a gift from Okawaru
 11288 | Lair:3   | Found a glowing golden altar of the Shining One.
 11513 | Lair:3   | Noticed a four-headed hydra
 11531 | Lair:3   | Engulfed by a bog body's freezing vapour

Skill      XL: |  1  2  3  4  5  6  7  8  9 10 11 |
---------------+----------------------------------+-----
Axes           | 2 3 4 5 6 9 10 11 13 | 13.2
Shields        | 5 7 8 |  8.9
Armour         | 5 7 8 |  8.9
Fighting       | 5 7 8 |  8.9
Polearms       | |  0.6

Action                   |  1- 3 |  4- 6 |  7- 9 | 10-12 || total
-------------------------+-------+-------+-------+-------++-------
Melee: War axe           |   118 |   245 |   399 |   460 ||  1222
       Trident           |       |       |       |   335 ||   335
Invok: Heroism           |       |       |       |     2 ||     2
  Use: Scroll            |       |     9 |       |    15 ||    24
       Potion            |       |       |     1 |     5 ||     6
  Eat: Ration            |       |     1 |     2 |     5 ||     8
       Chunk             |       |     5 |     5 |       ||    10
Armor: Scale mail        |    43 |       |       |       ||    43
       Plate armour      |    33 |   204 |   289 |   440 ||   966
Dodge: Dodged            |    31 |    39 |    69 |   155 ||   294
Block: Shield            |    64 |   158 |   184 |   379 ||   785
